Map: Abiogênese LE

Players

IagoAbreu

  • Race: Protoss Protoss
  • League: Silver
  • Spawn Location: 11:00

DanielGomero - Winner!

  • Race: Terran Terran
  • League: Silver
  • Spawn Location: 5:00

VOD

Have the link to the VOD?

Description

Time

  • Played on: Feb. 24, 2018, 9:57 p.m.
  • Length: 6:40
Show
View Real Time Build Order
Export as new Build Order

IagoAbreu Protoss 

Build Orders:  

Get SALT Encoding   

  12  0:06  Probe (Chrono Boost)  
  13  0:38  Probe  
  4  1:02  Probe (Chrono Boost)  
  4  1:22  Probe  
  5  1:34  Probe  
  6  1:53  Probe  
  7  2:05  Pylon  
  7  2:13  Probe (Chrono Boost)  
  9  2:22  Probe (Chrono Boost)  
  9  2:34  Probe  
  10  2:47  Forge  
  10  2:51  Probe  
  11  3:03  Probe (Chrono Boost)  
  12  3:15  Probe (Chrono Boost)  
  13  3:21  Photon Cannon  
  13  3:23  Probe (Chrono Boost)  
  14  3:34  Probe  
  15  3:42  Photon Cannon  
  15  3:53  Pylon  
  15  4:00  Probe (Chrono Boost)  
  17  4:11  Probe (Chrono Boost)  
  17  4:26  Nexus  
  5  5:11  Photon Cannon, Pylon  
  4  5:29  Pylon  
  4  5:53  Probe (Chrono Boost)  
  5  6:18  Probe  
Show
View Real Time Build Order
Export as new Build Order

DanielGomero Terran - Winner!

Build Orders:  

Get SALT Encoding   

  12  0:01  SCV  
  13  0:13  SCV  
  14  0:21  Supply Depot  
  14  0:25  SCV  
  15  0:35  Refinery  
  15  0:43  SCV  
  15  0:55  SCV  
  12  1:07  SCV  
  13  1:19  SCV  
  14  1:29  Barracks  
  14  1:31  SCV  
  15  1:43  SCV  
  16  1:55  SCV  
  16  1:57  Supply Depot  
  17  2:02  Refinery  
  17  2:07  SCV  
  18  2:18  Barracks Reactor  
  18  2:28  Barracks  
  18  2:31  Orbital Command  
  18  2:56  Reaper x2  
  20  3:01  SCV  
  21  3:06  Supply Depot  
  21  3:13  SCV  
  21  3:16  Barracks Reactor  
  22  3:25  SCV  
  23  3:29  Reaper x2  
  25  3:37  SCV  
  26  3:49  SCV  
  26  3:52  Engineering Bay  
  27  3:56  Reaper x2  
  29  4:08  Reaper  
  29  4:09  Reaper  
  31  4:31  Supply Depot  
  31  4:44  Missile Turret  
  30  5:56  Marine x2  
  30  5:57  Marine x2  
  34  6:14  Marine x3  
  34  6:15  Bunker  
  37  6:20  Factory  
Tags
 
Add a new tag
Caveats
  • Supply blocks, unpowered buildings, or Contaminate may cause inaccurate times.
  • Supply counts are checked every 10 seconds.